 Dungeon Crawl Stone Soup version 0.30-a0-778-g2ef04afb54 (webtiles) character file.

Game seed: 14764446860977962754

16653 Esekla the Carver (level 12, -9/81 HPs)
             Began as an Octopode Delver on Feb 17, 2023.
             Was an Initiate of Gozag.
             Mangled by Urug
             ... wielding a +5 double sword
              (26 damage)
             ... on level 1 of the Lair of Beasts.
             The game lasted 02:08:49 (19007 turns).

Esekla the Carver (Octopode Delver)                Turns: 19007, Time: 02:08:50

Health: -9/81      AC: 12    Str: 11    XL:     12   Next: 39%
Magic:  10/24      EV: 17    Int: 23    God:    Gozag
Gold:   344        SH:  0    Dex: 20    Spells: 19/28 levels left

rFire   . . .      SeeInvis .    a - +3 falchion
rCold   . . .      Faith    .    (no shield)
rNeg    . . .      Spirit   .    (helmet restricted)
rPois   .          Reflect  .    L - amulet of magic regeneration
rElec   .          Harm     .    F - +6 ring of intelligence
rCorr   .          Rampage  .    J - +4 ring of slaying
Will    .....                    I - +6 ring of dexterity
Stlth   +++++                    Q - +4 ring of protection
HPRegen 0.33/turn                (no ring)
MPRegen 0.59/turn                (no ring)
                                 (no ring)
                                 (no ring)

@: ice-armoured
A: almost no armour, amphibious, 8 rings, camouflage 1, gelatinous body 1,
(nimble swimmer 1), tentacles
a: Renounce Religion, Potion Petition, Call Merchant, Bribe Branch


You were on level 1 of the Lair of Beasts.
You worshipped Gozag.
Gozag was aware of your devotion.
You visited 4 branches of the dungeon, and saw 14 of its levels.
You also visited: Ossuary and Bailey.

You collected 3583 gold pieces.
You spent 1012 gold pieces at shops.
You paid 2227 gold pieces to Gozag.

Inventory:

Hand Weapons
 a - a +3 falchion (weapon)
 r - a +2 spear
 s - a +0 dagger
Missiles
 i - 9 javelins
 p - 2 throwing nets
 y - 12 poisoned darts (quivered)
Armour
 K - a +0 kite shield
 R - a +0 buckler
Jewellery
 F - a +6 ring of intelligence (left tentacle)
 I - a +6 ring of dexterity (on tentacle)
 J - a +4 ring of slaying (right tentacle)
 L - an amulet of magic regeneration (around mantle)
 Q - a +4 ring of protection (on tentacle)
Wands
 f - a wand of digging (3)
 D - a wand of flame (15)
 E - a wand of roots (10)
 G - a wand of paralysis (3)
Scrolls
 b - 2 scrolls of fog
 g - 5 scrolls of enchant weapon
 j - 2 scrolls of immolation {unknown}
 n - a scroll of silence {unknown}
 q - a scroll of noise {unknown}
 t - 2 scrolls of enchant armour {unknown}
 u - 2 scrolls of blinking
 B - a scroll of brand weapon {unknown}
 C - 4 scrolls of teleportation
 H - 2 scrolls of poison {unknown}
 O - a scroll of magic mapping
 P - a scroll of fear
 S - a scroll of vulnerability {unknown}
Potions
 c - 3 potions of mutation
 e - a potion of haste
 h - a potion of curing
 l - 4 potions of lignification
 m - 5 potions of flight
 o - 3 potions of magic
 v - 3 potions of cancellation
 w - 5 potions of invisibility
 x - 2 potions of brilliance
 z - 2 potions of attraction
 A - a potion of might
 M - a potion of berserk rage {unknown}


   Skills:
 * Level 7.0 Fighting
 + Level 2.1(6.5) Short Blades
 * Level 9.7(9.9) Long Blades
 + Level 2.8 Throwing
 * Level 6.8 Dodging
 - Level 8.1 Stealth
 * Level 1.0 Shields
 * Level 8.6 Spellcasting
 + Level 7.2 Necromancy
 + Level 4.6 Translocations
 + Level 4.1 Ice Magic
 + Level 4.0 Air Magic
 + Level 0.2 Evocations


You had 19 spell levels left.
You knew the following spells:

 Your Spells              Type           Power      Damage    Failure   Level
a - Ozocubu's Armour      Ice            28%        N/A       3%          3
d - Vampiric Draining     Necr           43%        2d9       1%          3
h - Vhi's Electric Charg  Tloc/Air       58%        N/A       3%          3

Your spell library contained the following spells:

 Spells                   Type           Power      Damage    Failure   Level
 Necrotise                Necr           100%       1d9       1%          1
 Static Discharge         Conj/Air       38%        2-4/arc   4%          2
 Summon Small Mammal      Summ           36%        N/A       7%          1
 Agony                    Necr           43%        N/A       9%          5
 Call Canine Familiar     Summ           9%         N/A       21%         3
 Summon Guardian Golem    Hex/Summ       9%         N/A       21%         3
 Summon Forest            Summ/Tloc      10%        N/A       56%         5
 Arcjolt                  Conj/Air       9%         1d19      63%         5
 Lightning Bolt           Conj/Air       9%         1d22      63%         5
 Iskenderun's Battlesphe  Conj           9%         2d6       88%         5
 Summon Mana Viper        Hex/Summ       9%         N/A       88%         5
 Iron Shot                Conj/Erth      4%         9d2       100%        6
 Summon Cactus Giant      Summ           4%         N/A       100%        6
 Haunt                    Necr/Summ      13%        N/A       100%        7
 Ozocubu's Refrigeration  Ice            14%        4d10      100%        7
 Spellforged Servitor     Conj/Summ      4%         N/A       100%        7
 Infestation              Necr           21%        N/A       100%        8
 Maxwell's Capacitive Co  Air            14%        ∞         100%        8
 Animate Dead             Necr           Unusable   N/A       N/A         4

Dungeon Overview and Level Annotations

Branches:
Dungeon (11/15)            Temple (1/1) D:5            Lair (1/5) D:8
    Orc (1/2) D:9         Ossuary (visited)          Bailey (visited)

Altars:
Ashenzari
Dithmenos
Elyvilon
Fedhas
Gozag
Hepliaklqana
Kikubaaqudgha
Nemelex Xobeh
Okawaru
Qazlal
Ru
Trog
Uskayaw
Vehumet
Wu Jian
Xom
Zin
The Shining One

Shops:
D:6 =   D:8 *=*

Annotations:
Lair:1 Gastronok, Sonja, Urug


Innate Abilities, Weirdness & Mutations

You cannot wear most types of armour.
You are amphibious.
You can wear up to eight rings at the same time.
Your skin changes colour to match your surroundings (Stealth+).
Your rubbery body absorbs attacks. (AC +1, EV +1)
((You are camouflaged when in or above water. (Stealth+)))
You have tentacles for arms and can constrict up to eight enemies at once.


Message History

Urug is nearby!
Urug hits you with a +5 double sword!
Casting: Vampiric Draining (safe; 1% risk of failure)
Confirm with . or Enter, or press ? or * to list all spells.
A film of ice covers your body! Urug completely misses you.
Casting: Ozocubu's Armour (mildly dangerous; 3% risk of failure)
Confirm with . or Enter, or press ? or * to list all spells.
Aiming: Vampiric Draining (safe; 1% risk of failure)
Press: ? - help, Shift-Dir - straight line, f - Urug
Aim: Urug, wielding a +5 double sword, wearing a +0 scale mail and quivering javelins You draw life force from Urug!
You feel life coursing into your body. Urug barely misses you.
You hit Urug. Your grab misses Urug.
Urug is moderately wounded.
Urug hits you with a +5 double sword!!
* * * LOW HITPOINT WARNING * * *
Casting: Vampiric Draining (safe; 1% risk of failure)
Confirm with . or Enter, or press ? or * to list all spells.
Aiming: Vampiric Draining (safe; 1% risk of failure)
Press: ? - help, Shift-Dir - straight line, f/p - Urug
Aim: Urug, wielding a +5 double sword, wearing a +0 scale mail and quivering javelins (moderately wounded)
You draw life force from Urug.
You feel life coursing into your body. Urug closely misses you.
Casting: Vampiric Draining (safe; 1% risk of failure)
Confirm with . or Enter, or press ? or * to list all spells.
Aiming: Vampiric Draining (safe; 1% risk of failure)
Press: ? - help, Shift-Dir - straight line, f/p - Urug
Aim: Urug, wielding a +5 double sword, wearing a +0 scale mail and quivering javelins (moderately wounded)
You draw life force from Urug.
You feel life coursing into your body. Urug hits you with a +5 double sword.
* * * LOW HITPOINT WARNING * * *
Casting: Vampiric Draining (safe; 1% risk of failure)
Confirm with . or Enter, or press ? or * to list all spells.
Aiming: Vampiric Draining (safe; 1% risk of failure)
Press: ? - help, Shift-Dir - straight line, f/p - Urug
Aim: Urug, wielding a +5 double sword, wearing a +0 scale mail and quivering javelins (moderately wounded)
You draw life force from Urug!
You feel life coursing into your body. Urug hits you with a +5 double sword!!
You die...
Your body crumbles into a pile of gold.

#.......# ##
#....o..##
#.#
#........#
#.#
#.......P#
#.# #.......#
#.#
#.......###.#
#.......##.#
#.....?.#@##
###..#..o##
########


You could see Urug.

Vanquished Creatures
  A centaur warrior (D:9)
  4 death yaks
  An orc high priest (Orc:1)
  Pikel (D:7)
  An orc knight (Orc:1)
  A cyclops (D:11)
  2 orc sorcerers (Orc:1)
  A black mamba (Lair:1)
  A cane toad (Lair:1)
  A gargoyle (Bailey)
  Maggie (D:7)
  2 komodo dragons (Lair:1)
  3 trolls
  Prince Ribbit (D:7)
  4 yaks (D:9)
  A vampire (D:10)
  A wyvern (D:10)
  A steam dragon (D:7)
  2 wargs (Orc:1)
  Menkaure (D:7)
  An acid dragon (D:9)
  4 water moccasins
  3 sky beasts
  Pargi (D:3)
  14 orc warriors
  4 ogres
  A lemure (D:7)
  A kobold brigand (D:10)
  A necrophage (D:4)
  4 scorpions
  4 bullfrogs
  5 water moccasin zombies (Ossuary)
  13 wights
  14 killer bees (D:9)
  7 howler monkeys
  9 vampire bats (Bailey)
  7 wolf zombies (Bailey)
  4 jellies
  A gnoll bouda (D:7)
  14 orc priests
  Jessica (D:3)
  3 iguanas
  Terence (D:2)
  22 orc wizards
  2 mummies (Ossuary)
  7 gnolls
  6 adders
  A shadow imp (D:6)
  2 white imps
  3 ufetubi
  5 adder zombies (Ossuary)
  2 worms
  4 dart slugs
  63 orcs
  8 endoplasms
  2 giant cockroaches
  5 gnoll zombies (Ossuary)
  7 goblins
  12 hobgoblins
  6 jackals
  10 kobolds
  4 quokkas
  5 ball pythons
  6 bats
  8 frilled lizards
  4 hobgoblin zombies (Ossuary)
  5 kobold zombies (Ossuary)
  23 orc zombies
  10 rats
380 creatures vanquished.

Vanquished Creatures (others)
  A gnoll (D:7)
  18 plants (D:7)
19 creatures vanquished.

Grand Total: 399 creatures vanquished

Notes
Turn   | Place    | Note
-------+----------+-------------------------------------------
     0 | D:5      | Esekla the Octopode Delver began the quest for the Orb.
     0 | D:5      | Reached XP level 1. HP: 16/16 MP: 1/1
    22 | D:5      | Noticed a scorpion
    95 | D:5      | Noticed a scorpion
   138 | D:5      | Found a staircase to the Ecumenical Temple.
   147 | Temple   | Entered the Ecumenical Temple
   183 | Temple   | Became a worshipper of Gozag Ym Sagoz the Greedy
   234 | D:5      | Noticed an iguana
   243 | D:5      | Noticed an iguana
   297 | D:3      | Found a glowing silver altar of Zin.
   300 | D:3      | Identified the -1 pair of gloves of Hedonism {rF+ Regen+
                  | Str+3}
   380 | D:2      | Reached XP level 2. HP: 20/21 MP: 2/2
   403 | D:2      | Noticed a scorpion
   727 | D:1      | Reached XP level 3. HP: 26/26 MP: 3/3
  1049 | D:1      | Reached skill level 1 in Spellcasting
  1049 | D:1      | Reached XP level 4. HP: 31/31 MP: 5/5
  1406 | D:2      | Killed a scorpion
  1407 | D:2      | Reached skill level 3 in Long Blades
  1407 | D:2      | Reached XP level 5. HP: 35/36 MP: 5/7
  1570 | D:2      | Noticed Terence
  1573 | D:2      | Killed Terence
  1574 | D:2      | Reached skill level 1 in Short Blades
  1821 | D:3      | Learned a level 3 spell: Vampiric Draining
  1848 | D:3      | Found an iron altar of Okawaru.
  1852 | D:3      | Noticed Pargi
  1902 | D:3      | Noticed Jessica
  1911 | D:3      | Killed Jessica
  2361 | D:4      | Reached XP level 6. HP: 43/43 MP: 8/8
  2563 | D:4      | Found a broken altar of Ashenzari.
  2804 | D:6      | Noticed a water moccasin
  2932 | D:6      | Noticed a troll
  2967 | D:5      | Reached skill level 1 in Necromancy
  3112 | D:5      | Reached skill level 4 in Long Blades
  3112 | D:5      | Reached XP level 7. HP: 38/47 MP: 10/10
  4009 | D:5      | Found a hazy altar of Hepliaklqana.
  4719 | D:6      | Reached XP level 8. HP: 42/54 MP: 12/12
  4869 | D:5      | Reached skill level 5 in Long Blades
  5329 | D:6      | Reached skill level 1 in Throwing
  5909 | D:7      | Noticed Maggie
  5921 | D:7      | Killed Maggie
  5922 | D:7      | Reached XP level 9. HP: 45/60 MP: 11/16
  5994 | D:7      | Reached skill level 6 in Long Blades
  6006 | D:7      | Reached skill level 5 in Fighting
  6025 | D:7      | Found a runed translucent door.
  6084 | D:7      | Noticed Pikel
  6110 | D:7      | Killed Pikel
  6111 | D:7      | Reached skill level 5 in Spellcasting
  6148 | D:7      | Found a sand-covered staircase.
  6162 | Ossuary  | Entered an ossuary
  6346 | Ossuary  | Learned a level 3 spell: Vhi's Electric Charge
  6666 | D:7      | Reached skill level 5 in Necromancy
  6893 | D:7      | Reached skill level 7 in Long Blades
  6893 | D:7      | Reached skill level 1 in Translocations
  6893 | D:7      | Reached skill level 1 in Air Magic
  7044 | D:7      | Reached XP level 10. HP: 56/65 MP: 14/18
  7241 | D:7      | Noticed Menkaure
  7569 | D:7      | Killed Menkaure
  7570 | D:7      | Reached skill level 5 in Dodging
  7761 | D:7      | Noticed Prince Ribbit
  7765 | D:7      | Killed Prince Ribbit
  8187 | D:6      | Bought an amulet of magic regeneration for 480 gold pieces
  8417 | D:8      | Found an ornate altar of the Wu Jian Council.
  8426 | D:8      | Noticed a death yak
  8426 | D:8      | Noticed a death yak
  8585 | D:8      | Found a flagged portal.
  8598 | D:8      | Found a staircase to the Lair.
  8598 | D:8      | Noticed a death yak
  8598 | D:8      | Noticed a death yak
  8607 | Bailey   | Entered a bailey
  9026 | Bailey   | Reached skill level 8 in Long Blades
  9239 | Bailey   | Identified the +1 ring mail of Evolution {Harm Str+3 Int+2}
  9268 | Bailey   | Found the +9 scales of the Dragon King {rPois rF+ rC+
                  | Will+}
  9290 | Bailey   | Noticed a gargoyle
  9309 | Bailey   | Killed a gargoyle
  9644 | Bailey   | Found the amulet of the Air {Inacc Air Fly rElec RMsl}
  9649 | Bailey   | Identified the +2 scale mail "Comaemp" {Will+ Dex+3}
  9650 | Bailey   | Identified the +3 ring mail of the Cockatrice {Str+3 Int+4}
 10128 | D:8      | Noticed a death yak
 10128 | D:8      | Noticed a death yak
 10312 | D:8      | Noticed a death yak
 10312 | D:8      | Noticed a death yak
 11532 | D:7      | Learned a level 3 spell: Ozocubu's Armour
 11840 | D:8      | Found Icsakinu's Specific Store.
 11844 | D:8      | Found Gueg's General Store.
 11852 | D:8      | Bought a scroll of identify for 28 gold pieces
 12013 | D:9      | Found a sparkling altar of Nemelex Xobeh.
 12055 | D:9      | Reached skill level 1 in Ice Magic
 12055 | D:9      | Reached XP level 11. HP: 70/72 MP: 17/20
 12066 | D:9      | Reached skill level 9 in Long Blades
 12472 | D:9      | Found a staircase to the Orcish Mines.
 13297 | D:9      | Noticed a centaur warrior
 13307 | D:9      | Killed a centaur warrior
 13692 | D:10     | Entered Level 10 of the Dungeon
 13961 | D:10     | HP: 3/72 [something (8)]
 14235 | D:11     | Noticed a five-headed hydra
 14273 | D:11     | Found a sacrificial altar of Ru.
 14286 | D:11     | Noticed a cyclops
 14302 | D:11     | Killed a cyclops
 14914 | D:10     | Noticed a two-headed ogre
 14971 | Orc:1    | Entered Level 1 of the Orcish Mines
 15159 | Orc:1    | Noticed an orc sorcerer
 15163 | Orc:1    | Paralysed by an orc sorcerer for 5 turns
 15172 | Orc:1    | Killed an orc sorcerer
 15666 | Orc:1    | Noticed an orc knight
 15669 | Orc:1    | Noticed an orc high priest
 15727 | Orc:1    | Noticed an orc sorcerer
 15763 | Orc:1    | Killed an orc knight
 15814 | Orc:1    | Noticed a soul eater
 15820 | Orc:1    | Killed an orc high priest
 15852 | Orc:1    | Killed an orc sorcerer
 16359 | D:8      | Bought a +4 ring of protection for 504 gold pieces
 16458 | D:6      | Reached XP level 12. HP: 64/80 MP: 14/23
 17103 | D:3      | Killed Pargi
 17809 | D:8      | Killed a death yak
 17893 | D:8      | Killed a death yak
 17965 | D:8      | Killed a death yak
 18207 | D:7      | Killed a death yak
 18391 | Lair:1   | Entered Level 1 of the Lair of Beasts
 18761 | Lair:1   | Reached skill level 1 in Shields
 18840 | Lair:1   | Noticed Sonja
 18896 | Lair:1   | Noticed Gastronok
 18979 | Lair:1   | Noticed Urug
 19007 | Lair:1   | Mangled by Urug

Illustrated notes

Levels and vault maps discovered:
D:1:      dpeg_arrival_water_temple_mockup, layout_rooms,
          minmay_indecisive_spiral
D:2:      layout_loops_ring, uniq_terence
D:3:      layout_rooms, mainiacjoe_overflow_small_starburst,
          mainiacjoe_overflow_surrounded_room, minmay_stone_trees_small,
          kennysheep_big_empty_room, uniq_jessica, uniq_pargi
D:4:      minmay_angry_zag, layout_basic, kennysheep_mini_moat, st_stairs_6,
          eino_small_chamber_without_monster, skrybe_limestone_x
D:5:      layout_cave_pools, mainiacjoe_overflow_chevrons,
          minmay_temple_entry_gardened_gates
D:6:      layout_loops_cross, hangedman_abyss_or_decor_slice
D:7:      layout_basic, enter_ossuary_1, wad_woods_river_04,
          minmay_strange_pillars, corexii_item_surrounded_by_moat,
          lightli_church_of_beogh, uniq_maggie, uniq_pikel, uniq_prince_ribbit1,
          uniq_menkaure
D:8:      layout_loops_ring, overflow_temple_1_default, dpeg_lair_monsters,
          enter_bailey_2, nicolae_specific_store
D:9:      layout_loops_ring, nemelex_diamond_rough_becter, orc_0_dummy,
          minivault_1
D:10:     layout_cave_pods
D:11:     cheibrodos_helix_gallery, layout_loops_corners,
          nicolae_ru_great_annihilating_truth, uniq_harold
Temple:   nicolae_temple_elliptical
Lair:1:   layout_small_grid, uniq_urug, uniq_sonja, uniq_gastronok
Orc:1:    layout_diamond_mine

Skill      XL: |  1  2  3  4  5  6  7  8  9 10 11 12 |
---------------+-------------------------------------+-----
Stealth        | 7 8 |  8.1
Spellcasting   | 1 2 3 4 5 6 7 8 |  8.6
Long Blades    | 3 4 5 7 8 9 |  9.7
Short Blades   | 1 2 |  2.1
Dodging        | 3 4 5 6 |  6.8
Necromancy     | 1 2 3 5 6 7 |  7.2
Fighting       | 4 5 6 7 |  7.0
Throwing       | 1 2 |  2.8
Translocations | 1 2 4 |  4.6
Air Magic      | 1 2 3 4 |  4.0
Ice Magic      | 1 3 4 |  4.1
Shields        | 1 |  1.0
Evocations     | |  0.2

Action                     |  1- 3 |  4- 6 |  7- 9 | 10-12 || total
---------------------------+-------+-------+-------+-------++-------
  Melee: Falchion          |    48 |    64 |   175 |   456 ||   743
         Constrict         |    13 |    14 |    48 |   116 ||   191
         Dagger            |    17 |    29 |    34 |    26 ||   106
         Tentacles         |     7 |    14 |    60 |   140 ||   221
         Punch             |     1 |     1 |     5 |     6 ||    13
  Throw: Javelin           |       |       |    20 |    10 ||    30
         Dart              |       |       |     7 |    35 ||    42
   Cast: Vampiric Draining |       |       |    22 |   111 ||   133
         Vhi's Electric Ch |       |       |     2 |     3 ||     5
         Ozocubu's Armour  |       |       |       |    32 ||    32
 Invoke: Call Merchant     |       |       |     1 |     2 ||     3
  Evoke: Wand              |       |       |       |     9 ||     9
    Use: Scroll            |     1 |       |     8 |     8 ||    17
         Potion            |       |     1 |     1 |    13 ||    15
   Stab: Sleeping          |    13 |    19 |    28 |    16 ||    76
         Distracted        |     1 |       |     4 |     3 ||     8
         Invisible         |       |       |       |     2 ||     2
         Paralysed         |       |       |       |     1 ||     1
 Armour: Skin              |     3 |     2 |    10 |    42 ||    57
  Dodge: Dodged            |    35 |    45 |   121 |   361 ||   562

Table legend: (Time is in decaauts)
 A = Elapsed time spent in this place.
 B = Non-inter-level travel time spent in this place.
 C = Inter-level travel time spent in this place.
 D = Time resting spent in this place.
 E = Time spent auto-exploring this place.
 F = Levels seen in this place.
 G = Mean time per level.
                   A        B        C        D        E       F      G
               +--------+--------+--------+--------+--------+-----+--------+
         Total |  18814 |  18063 |    751 |   5713 |   2638 |  16 | 1175.9 |
       Dungeon |  14934 |  14258 |    676 |   4158 |   2254 |  11 | 1357.6 |
        Temple |     65 |     36 |     29 |      0 |     24 |   1 |   65.0 |
          Lair |    609 |    609 |      0 |     23 |    203 |   1 |  609.0 |
  Orcish Mines |   1346 |   1301 |     45 |    609 |    157 |   1 | 1346.0 |
       Ossuary |    463 |    463 |      0 |    173 |      0 |   1 |  463.0 |
        Bailey |   1395 |   1395 |      0 |    748 |      0 |   1 | 1395.0 |
               +--------+--------+--------+--------+--------+-----+--------+

Top non-repeatable levels by time:
     D:7: 3496 daAuts
     D:8: 2044 daAuts
     D:5: 1944 daAuts
     D:9: 1648 daAuts
  Bailey: 1395 daAuts
   Orc:1: 1346 daAuts
     D:6: 1307 daAuts
     D:3: 989 daAuts
    D:10: 927 daAuts
     D:4: 886 daAuts
     D:2: 789 daAuts
  Lair:1: 609 daAuts
     D:1: 607 daAuts
 Ossuary: 463 daAuts
    D:11: 292 daAuts
